 Dungeon Crawl Stone Soup version 0.30.0-29-ga12c61a403 (webtiles) character file.

Game seed: 14848890674707534541

2510 qw the Cleaver (level 9, -3/57 HPs)
             Began as a Gargoyle Fighter on June 4, 2023.
             Killed from afar by an acid dragon (7 damage)
             ... with a splash of acid
             ... on level 6 of the Dungeon.
             The game lasted 00:03:55 (6883 turns).

qw the Cleaver (Gargoyle Fighter)                   Turns: 6883, Time: 00:03:55

Health: -3/57      AC: 23    Str: 34    XL:     9   Next: 53%
Magic:  9/9        EV: 13    Int:  8    God:
Gold:   369        SH:  4    Dex:  8    Spells: 8/8 levels left

rFire   . . .        Y - +0 war axe (protect)
rCold   . . .        c - +0 buckler
rNeg    + . .        f - +0 plate armour
rPois   inf          b - +0 helmet
rElec   +            (no cloak)
rCorr   .            (no gloves)
SInv    .            (no boots)
Will    .....        (no amulet) Stlth
                     l - +5 ring of evasion
HPRegen 0.29/turn    p - +6 ring of strength
MPRegen 0.11/turn

%: no passive effects
@: corroded, under a protective aura
A: sickness immunity, AC +6, negative energy resistance 1, electricity
resistance, torment resistance 1, petrification resistance, strong 1, wild magic
1
a: no special abilities


You were on level 6 of the Dungeon.
You visited 2 branches of the dungeon, and saw 7 of its levels.
You also visited: Sewer.

You collected 369 gold pieces.


Innate Abilities, Weirdness & Mutations

You are immune to sickness and miasma.
Your stone body is resilient. (AC +6)
You are immune to poison.
You resist negative energy. (rN+)
You are resistant to electric shocks. (rElec)
You are resistant to unholy torment.
You are immune to petrification.
Your muscles are strong. (Str +4, Int/Dex -1)
Your spells are a little harder to cast, but a little more powerful.


   Skills:
 - Level 7.1 Fighting
 + Level 9.1 Axes
 - Level 2.2 Throwing
 - Level 5.2 Armour
 - Level 1.0 Dodging
 - Level 4.4 Shields


You had 8 spell levels left.
You didn't know any spells.
Your spell library was empty.

Inventory:

Hand Weapons
 h - a +0 flail
 o - the +0 broad axe of Usod {flame, Fragile rCorr Str+2}
   (You acquired it on level 3 of the Dungeon)

   Str:       It affects your strength (+2).
   rCorr:     It protects you from acid and corrosion.
   Fragile:   It will be destroyed if unequipped.
 Y - a +0 war axe of protection (weapon)
Armour
 b - a +0 helmet (worn)
 c - a +0 buckler (worn)
 f - a +0 plate armour (worn)
 j - +0 shadow dragon scales
Jewellery
 l - a +5 ring of evasion (left hand)
 p - a +6 ring of strength (right hand)
Scrolls
 g - 3 scrolls of enchant weapon {unknown}
 r - a scroll of identify
Potions
 a - 3 potions of haste
 d - a potion of might
 e - a potion of lignification
 i - a potion of curing
 k - 2 potions of mutation
 m - a potion of magic {unknown}
 n - a potion of berserk rage {unknown}
 q - a potion of degeneration {unknown}

Dungeon Overview and Level Annotations

Branches:
Dungeon (6/15)             Temple (1/1) D:4           Sewer (visited)

Altars:
Ashenzari
Cheibriados
Dithmenos
Elyvilon
Fedhas
Gozag
Hepliaklqana
Nemelex Xobeh
Qazlal
Ru
Sif Muna
Trog
Vehumet
Wu Jian
Xom
Zin


Message History

You hit the acid dragon but do no damage.
The hound bites you. You block the acid dragon's attack.
The acid dragon closely misses you. The orc warrior barely misses you.
The gnoll hits you from afar with a +0 spear.
The hound closely misses you. The gnoll hits you but does no damage.
The orc warrior hits you but does no damage.
The acid dragon bites you but does no damage.
The acid dragon claws you but does no damage.
You barely miss the orc warrior.
The orc warrior is almost dead.
You barely miss the hound. You closely miss the acid dragon. You hit the gnoll.
The gnoll is no longer moving quickly.
The hound completely misses you. The gnoll barely misses you.
The gnoll hits you but does no damage. The hound closely misses you.
The acid dragon bites you but does no damage.
You block the acid dragon's attack. The orc warrior misses you.
You barely miss the orc warrior.
The orc warrior is almost dead.
You closely miss the hound. You hit the acid dragon. You barely miss the gnoll.
The hound misses you. The gnoll hits you but does no damage.
You block the gnoll's attack. The acid dragon closely misses you.
The acid dragon barely misses you. The orc warrior closely misses you.
You hit the orc warrior but do no damage.
The orc warrior is almost dead.
You miss the hound.
You hit the acid dragon but do no damage.
You closely miss the gnoll. The hound misses you.
The gnoll hits you but does no damage. The gnoll closely misses you.
The hound bites you but does no damage. The acid dragon closely misses you.
The acid dragon claws you but does no damage.
You block the orc warrior's attack.
You closely miss the orc warrior.
The orc warrior is almost dead.
You slash the hound! You closely miss the acid dragon. You slash the gnoll!
You kill the gnoll!
The hound bites you but does no damage. The gnoll hits you but does no damage.
The acid dragon spits acid at you. The splash of acid hits you!
You die...

............. #....
..............##.....#..
##...#....# .........#
###..%..## ......... #
##....### #...#..# ##
#......#####.##..# .#
#....#...........#
.##..#..####...)hog##
....##.## #....@DgT#
...###.# #####.##g5...
#.....## ### #...
......# # .....##
....#### .....#..
#......# #....###


You could see a troll, an orc warrior, an acid dragon (catching breath), a
hound, 3 gnolls and a white imp.

Vanquished Creatures
  Grinder (D:3)
  Sigmund (D:2)
  A steam dragon (D:4)
  An acid dragon (D:6)
  Duvessa (D:6)
  3 orc warriors
  A sky beast (D:6)
  An ice beast (D:5)
  An ogre (D:5)
  2 phantoms (D:5)
  A centaur (D:6)
  3 kobold brigands
  Dowan (D:6)
  4 orc priests
  An iron imp (D:5)
  2 jellies
  A gnoll bouda (D:6)
  4 orc wizards
  Natasha (twice) (D:3)
  A sleepcap (D:5)
  2 iguanas
  Robin (D:2)
  7 gnolls
  6 adders
  A white imp (D:6)
  A worm (D:3)
  12 orcs
  5 endoplasms
  5 giant cockroaches
  18 goblins
  23 hobgoblins
  18 jackals
  3 quokkas
  6 ball pythons
  9 bats
  2 frilled lizards (D:1)
  37 kobolds
  12 rats
201 creatures vanquished.

Notes
Turn   | Place    | Note
-------+----------+-------------------------------------------
     0 | D:1      | qw the Gargoyle Fighter began the quest for the Orb.
     0 | D:1      | Reached XP level 1. HP: 14/14 MP: 1/1
     0 | D:1      | 0 ||| qw: Version: 0.2-a-107-g4668610
     0 | D:1      | 0 ||| qw: Game counter: 1300
     0 | D:1      | 0 ||| qw: Always use a shield: true
     0 | D:1      | 0 ||| qw: God list: Okawaru
     0 | D:1      | 0 ||| qw: Allow faded altars: false
     0 | D:1      | 0 ||| qw: Do Orc after D:15 true
     0 | D:1      | 0 ||| qw: Do second Lair branch before Depths: true
     0 | D:1      | 0 ||| qw: Lair rune preference: random
     0 | D:1      | 0 ||| qw: Plans: Normal, Zot:1-4, Slime:5, God:TSO, Crypt,
                  | Tomb, Abyss, Pan, Hells, Win
     0 | D:1      | 0 ||| PLANNING D:1-11
    56 | D:1      | Reached skill level 2 in Axes
    77 | D:1      | Reached XP level 2. HP: 19/19 MP: 2/2
    98 | D:1      | 98 ||| Stepping ~*~*~tactically~*~*~ (stealth).
   116 | D:1      | 116 ||| FLEEEEING.
   167 | D:1      | 167 ||| Stepping ~*~*~tactically~*~*~ (stealth).
   170 | D:1      | 170 ||| Stepping ~*~*~tactically~*~*~ (stealth).
   265 | D:1      | 265 ||| DROPPING +0 club.
   319 | D:1      | Reached skill level 3 in Axes
   323 | D:1      | Reached XP level 3. HP: 23/23 MP: 3/3
   477 | D:1      | Found a faded altar of an unknown god.
   811 | D:1      | 811 ||| UPGRADING to +0 chain mail.
   821 | D:1      | 821 ||| DROPPING +0 scale mail.
   822 | D:1      | 822 ||| UPGRADING to +5 ring of evasion.
   823 | D:1      | 823 ||| READING 3 scrolls labelled BAOTYRH VAPUW.
   827 | D:1      | 827 ||| DRINKING 2 dark potions.
   883 | D:2      | Noticed Robin
   884 | D:2      | 884 ||| Stepping ~*~*~tactically~*~*~ (hiding).
   916 | D:2      | Killed Robin
   917 | D:2      | Reached XP level 4. HP: 19/28 MP: 4/4
   922 | D:2      | 922 ||| FLEEEEING.
   923 | D:2      | 923 ||| FLEEEEING.
   924 | D:2      | 924 ||| FLEEEEING.
   925 | D:2      | 925 ||| FLEEEEING.
   926 | D:2      | 926 ||| FLEEEEING.
   927 | D:2      | 927 ||| FLEEEEING.
   928 | D:2      | 928 ||| FLEEEEING.
   929 | D:2      | 929 ||| STAIRDANCE
   953 | D:2      | Noticed Sigmund
   965 | D:2      | 965 ||| DRINKING potion of curing.
   965 | D:2      | 965 ||| (to cure confusion)
   969 | D:2      | HP: 7/28 [something/magic dart (5)]
   971 | D:2      | Killed Sigmund
   972 | D:2      | Reached skill level 5 in Axes
   972 | D:2      | Reached XP level 5. HP: 9/32 MP: 5/5
   972 | D:2      | Reached XP level 6. HP: 11/37 MP: 6/6
  1018 | D:2      | 1018 ||| FLEEEEING.
  1019 | D:2      | 1019 ||| FLEEEEING.
  1020 | D:2      | 1020 ||| FLEEEEING.
  1021 | D:2      | 1021 ||| STAIRDANCE
  1084 | D:2      | 1084 ||| Stepping ~*~*~tactically~*~*~ (stealth).
  1101 | D:2      | 1101 ||| Stepping ~*~*~tactically~*~*~ (hiding).
  1160 | D:2      | 1160 ||| Stepping ~*~*~tactically~*~*~ (stealth).
  1161 | D:2      | 1161 ||| Stepping ~*~*~tactically~*~*~ (stealth).
  1268 | D:2      | 1268 ||| DROPPING +0 whip.
  1915 | D:2      | 1915 ||| UPGRADING to +0 helmet.
  1920 | D:2      | 1920 ||| READING scroll labelled LIUJUM JIMA.
  1921 | D:2      | 1921 ||| READING scroll labelled MOMPECS MUREREP.
  1986 | D:3      | Noticed Natasha
  1997 | D:3      | HP: 9/38 [Natasha (6)]
  1998 | D:3      | 1998 ||| READING 3 scrolls of teleportation.
  2001 | D:3      | Noticed Grinder
  2002 | D:3      | 2002 ||| READING 2 scrolls of teleportation.
  2006 | D:3      | 2006 ||| READING scroll of teleportation.
  2183 | D:3      | 2183 ||| Stepping ~*~*~tactically~*~*~ (stealth).
  2184 | D:3      | 2184 ||| Stepping ~*~*~tactically~*~*~ (stealth).
  2190 | D:3      | 2190 ||| Stepping ~*~*~tactically~*~*~ (hiding).
  2193 | D:3      | Killed Natasha
  2229 | D:3      | Paralysed by Grinder for 4 turns
  2241 | D:3      | Paralysed by Grinder for 5 turns
  2260 | D:3      | Killed Grinder
  2261 | D:3      | Reached skill level 6 in Axes
  2261 | D:3      | Reached XP level 7. HP: 16/43 MP: 7/7
  2601 | D:3      | Noticed Natasha
  2603 | D:3      | 2603 ||| Stepping ~*~*~tactically~*~*~ (stealth).
  2605 | D:3      | 2605 ||| Stepping ~*~*~tactically~*~*~ (hiding).
  2612 | D:3      | Killed Natasha
  2827 | D:3      | Reached skill level 1 in Dodging
  2843 | D:3      | 2843 ||| READING 2 scrolls labelled VUAH YNOCACET.
  2844 | D:3      | 2844 ||| READING scroll labelled LOSOISETWO.
  2845 | D:3      | 2845 ||| READING scroll labelled KIABBO WAIJO.
  2846 | D:3      | 2846 ||| READING scroll labelled PEXKEU GOICE.
  2847 | D:3      | 2847 ||| READING scroll labelled XOUCYJ GOLEURA.
  2847 | D:3      | Identified a scroll of acquirement
  2847 | D:3      | 2847 ||| ACQUIRING +0 broad axe of Usod {flame, Fragile
                  | rCorr Str+2}
  2847 | D:3      | Acquired the +0 broad axe of Usod {flame, Fragile rCorr
                  | Str+2}
  2849 | D:3      | 2849 ||| READING scroll labelled OMIOSU SEAV.
  2850 | D:3      | 2850 ||| DROPPING scroll of blinking.
  2981 | D:4      | Found a staircase to the Ecumenical Temple.
  2982 | D:4      | 2982 ||| PLANNING TEMPLE
  2990 | Temple   | Entered the Ecumenical Temple
  3225 | Temple   | 3225 ||| PLANNING D:1-11
  3250 | D:4      | Found a shadowy altar of Dithmenos.
  3332 | D:4      | 3332 ||| Stepping ~*~*~tactically~*~*~ (stealth).
  3506 | D:4      | 3506 ||| Stepping ~*~*~tactically~*~*~ (stealth).
  3741 | D:4      | Noticed a steam dragon
  3751 | D:4      | Killed a steam dragon
  3752 | D:4      | Reached skill level 7 in Axes
  3762 | D:4      | 3762 ||| FLEEEEING.
  3767 | D:4      | 3767 ||| FLEEEEING.
  3768 | D:4      | 3768 ||| FLEEEEING.
  3769 | D:4      | 3769 ||| FLEEEEING.
  3770 | D:4      | 3770 ||| FLEEEEING.
  3771 | D:4      | 3771 ||| FLEEEEING.
  3812 | D:4      | HP: 10/43 [orc priest/divine providence (10)]
  3813 | D:4      | 3813 ||| READING 2 scrolls of teleportation.
  3897 | D:4      | 3897 ||| DRINKING potion of curing.
  3897 | D:4      | 3897 ||| (to cure confusion)
  3906 | D:4      | HP: 11/44 [orc warrior/+0 scimitar (7)]
  3907 | D:4      | 3907 ||| READING scroll of teleportation.
  4087 | D:4      | Reached XP level 8. HP: 31/48 MP: 8/8
  4400 | D:4      | 4400 ||| Stepping ~*~*~tactically~*~*~ (hiding).
  4403 | D:4      | 4403 ||| Stepping ~*~*~tactically~*~*~ (hiding).
  4404 | D:4      | 4404 ||| Stepping ~*~*~tactically~*~*~ (hiding).
  4520 | D:4      | 4520 ||| Stepping ~*~*~tactically~*~*~ (stealth).
  5086 | D:4      | 5086 ||| READING scroll labelled DIFUHIATAL.
  5087 | D:4      | 5087 ||| READING scroll labelled EBEQUG YLOTH.
  5088 | D:4      | 5088 ||| DRINKING 2 bubbling green potions.
  5088 | D:4      | Gained mutation: Your spells are a little harder to cast,
                  | but a little more powerful. [potion of mutation]
  5088 | D:4      | Gained mutation: Your muscles are strong. (Str +4, Int/Dex
                  | -1) [potion of mutation]
  5089 | D:4      | 5089 ||| READING 2 scrolls of identify.
  5089 | D:4      | 5089 ||| IDENTIFYING fuming green potion
  5114 | D:5      | Entered Level 5 of the Dungeon
  5115 | D:5      | 5115 ||| PLANNING SEWER
  5283 | D:5      | Found a glowing drain.
  5295 | D:5      | Reached skill level 8 in Axes
  5300 | Sewer    | Entered a sewer
  5387 | Sewer    | 5387 ||| Stepping ~*~*~tactically~*~*~ (hiding).
  5390 | Sewer    | 5390 ||| Stepping ~*~*~tactically~*~*~ (hiding).
  5510 | Sewer    | Found a white marble altar of Elyvilon.
  5544 | Sewer    | 5544 ||| DROPPING potion of flight.
  5551 | D:5      | 5551 ||| PLANNING D:1-11
  5613 | D:5      | Reached skill level 6 in Fighting
  6083 | D:5      | 6083 ||| UPGRADING to +6 ring of strength.
  6088 | D:5      | 6088 ||| READING scroll labelled IFAOJU IBAPN.
  6089 | D:5      | 6089 ||| DRINKING 4 clear potions.
  6090 | D:5      | 6090 ||| DRINKING 2 potions of curing.
  6090 | D:5      | 6090 ||| (to cure confusion)
  6091 | D:5      | 6091 ||| DROPPING 3 potions of ambrosia.
  6108 | D:6      | 6108 ||| STAIRDANCE
  6122 | D:5      | Reached XP level 9. HP: 29/56 MP: 9/9
  6218 | D:5      | 6218 ||| Stepping ~*~*~tactically~*~*~ (stealth).
  6223 | D:5      | 6223 ||| UPGRADING to +0 plate armour.
  6228 | D:5      | 6228 ||| UPGRADING to +0 plate armour.
  6233 | D:5      | 6233 ||| DROPPING +0 chain mail.
  6234 | D:5      | 6234 ||| DROPPING +1 ring mail of cold resistance.
  6311 | D:6      | 6311 ||| Stepping ~*~*~tactically~*~*~ (hiding).
  6318 | D:6      | Reached skill level 9 in Axes
  6322 | D:6      | 6322 ||| Stepping ~*~*~tactically~*~*~ (stealth).
  6344 | D:6      | 6344 ||| Stepping ~*~*~tactically~*~*~ (hiding).
  6345 | D:6      | 6345 ||| Stepping ~*~*~tactically~*~*~ (hiding).
  6350 | D:6      | Noticed Duvessa
  6356 | D:6      | Noticed Dowan
  6371 | D:6      | Killed Duvessa
  6372 | D:6      | Killed Dowan
  6378 | D:6      | 6378 ||| FLEEEEING.
  6515 | D:6      | Identified the +12 falchion "Pendulum" {freeze, rElec}
  6520 | D:6      | 6520 ||| FLEEEEING.
  6521 | D:6      | 6521 ||| FLEEEEING.
  6522 | D:6      | 6522 ||| FLEEEEING.
  6524 | D:6      | 6524 ||| FLEEEEING.
  6525 | D:6      | 6525 ||| FLEEEEING.
  6526 | D:6      | 6526 ||| FLEEEEING.
  6527 | D:6      | 6527 ||| FLEEEEING.
  6528 | D:6      | 6528 ||| FLEEEEING.
  6529 | D:6      | 6529 ||| FLEEEEING.
  6530 | D:6      | 6530 ||| FLEEEEING.
  6531 | D:6      | 6531 ||| FLEEEEING.
  6532 | D:6      | 6532 ||| FLEEEEING.
  6534 | D:6      | 6534 ||| FLEEEEING.
  6535 | D:6      | 6535 ||| FLEEEEING.
  6537 | D:6      | 6537 ||| FLEEEEING.
  6538 | D:6      | 6538 ||| FLEEEEING.
  6539 | D:6      | 6539 ||| FLEEEEING.
  6615 | D:6      | 6615 ||| Stepping ~*~*~tactically~*~*~ (hiding).
  6689 | D:6      | 6689 ||| Stepping ~*~*~tactically~*~*~ (stealth).
  6697 | D:6      | 6697 ||| Stepping ~*~*~tactically~*~*~ (stealth).
  6868 | D:6      | Noticed a troll
  6874 | D:6      | HP: 14/57 [orc warrior/+0 war axe (3)]
  6879 | D:6      | HP: 4/57 [hound (4)]
  6883 | D:6      | Killed from afar by an acid dragon

Levels and vault maps discovered:
D:1:      dpeg_arrival_erosion, layout_basic,
          dreamdust_ecumenical_altar_angels_and_demons
D:2:      layout_basic, uniq_robin, uniq_sigmund
D:3:      minmay_angry_zag, layout_rooms, guppyfry_early_lair_pool,
          uniq_grinder, uniq_natasha
D:4:      minmay_goblin_kobold_castle, layout_basic, amcnicky_altar_gilded,
          minmay_temple_entry_arrows
D:5:      layout_basic, demons_altar, cheibrodos_sewer_entry_drain
D:6:      layout_layer_cave, yredelemnul_altar_generic,
          nicolae_uskayaw_suspiria, minmay_manual_monstrance, uniq_duvessa
Temple:   regret_index_temple_generic_petals

Skill      XL: |  1  2  3  4  5  6  7  8  9 |
---------------+----------------------------+-----
Axes           | 2 3 5 6 7 8 9 |  9.1
Fighting       | 4 6 7 |  7.1
Dodging        | 1 |  1.0
Throwing       | 2 |  2.2
Armour         | 5 |  5.2
Shields        | 4 |  4.4

Action                     |  1- 3 |  4- 6 |  7- 9 || total
---------------------------+-------+-------+-------++-------
  Melee: War axe           |   134 |   133 |   391 ||   658
  Throw: Boomerang         |       |       |    16 ||    16
    Use: Potion            |     1 |     1 |     4 ||     6
         Scroll            |     1 |     5 |    12 ||    18
 Armour: Scale mail        |    66 |       |       ||    66
         Chain mail        |    15 |    51 |   141 ||   207
         Plate armour      |       |       |    92 ||    92
  Dodge: Dodged            |    82 |    69 |   238 ||   389
  Block: Buckler           |    31 |    16 |    67 ||   114

Table legend:
 A = Non-vault XP
 B = Vault XP
 C = Vault XP percentage of total XP
 D = Non-vault monster count
 E = Vault monster count
 F = Vault count percentage of total count
                 A         B        C        D         E       F
            +---------+---------+-------+---------+---------+-------
      Total |    2315 |    1286 |  35.7 |     125 |      76 |  37.8
            +---------+---------+-------+---------+---------+-------
        D:1 |      56 |       0 |   0.0 |      32 |       0 |   0.0
        D:2 |      58 |     278 |  82.7 |      21 |      14 |  40.0
        D:3 |      74 |     318 |  81.1 |      22 |       5 |  18.5
        D:4 |     459 |     334 |  42.1 |      12 |      46 |  79.3
        D:5 |     738 |      43 |   5.5 |      12 |       4 |  25.0
        D:6 |     930 |     214 |  18.7 |      26 |       2 |   7.1
      Sewer |       0 |      99 | 100.0 |       0 |       5 | 100.0
            +---------+---------+-------+---------+---------+-------
